[Event "*** Titled Tuesday Blitz"]
[Site "Chess.com"]
[Date "2019.09.03"]
[Round "5"]
[White "gena217"]
[Black "jcibarra"]
[Result "1-0"]
[WhiteElo "2919"]
[BlackElo "2817"]
[TimeControl "180+2"]
[EndTime "16:07:20 PDT"]
[Termination "gena217 won by resignation"]

1. e4 c5 2. Nf3 e6 3. d4 cxd4 4. Nxd4 Qb6 5. Nb3 Qc7 6. Bd3 Nf6 7.
O-O d5 8. exd5 Nxd5 9. c4 Nf6 10. Nc3 a6 11. h3 Nbd7 12. Re1 Be7 13. Qf3 O-O 14.
Bf4 Bd6 15. Bxd6 Qxd6 16. Rad1 Qc7 17. g4 b6 18. g5 Bb7 19. Qg3 Qc6 20. Ne4 Nh5 21.
Qd6 Qxd6 22. Nxd6 Bf3 23. Rd2 Rfd8 24. Nd4 Nc5 25. Nxf3 Rxd6 26. Bxh7+ Kxh7 27. Rxd6 Rb8 28. b4 Na4 29. Ne5 Rf8 30. Rd7 f6 31. gxf6 Rxf6 32.
Ng4 Rg6 33. Kh2 Nf4 34. Re4 Nh5 35. Ra7 Nc3 36. Re5 Nf4 37. Rxa6 Nd3 38. Rh5+ Kg8 39.
Ra8+ Kf7 40. Ne5+ Nxe5 41. Rxe5 Rf6 42. Kg2 Rg6+ 43. Kf1 Rf6 44. a4 Rf4 45. c5 Rxb4 46. cxb6 Rxb6 47. a5 Rb1+ 48. Kg2 Nd5 49. a6 Rb3 50.
Re4 g5 51. a7 Ra3 52. h4 Nf6 53. Re3 Ra5 54. hxg5 Rxg5+ 55. Rg3 Ra5 56. Rb3 Nd5 57. Rb7+ Kf6 58. Rf8+ Ke5 59. a8=Q Rxa8 60. Rxa8 Nf4+ 61. Kf3 1-0

[Event "*** Titled Tuesday Blitz"]
[Site "Chess.com"]
[Date "2019.09.03"]
[Round "5"]
[White "HarryCun"]
[Black "temus_galaktionov"]
[Result "1-0"]
[WhiteElo "2134"]
[BlackElo "2605"]
[TimeControl "180+2"]
[EndTime "16:07:27 PDT"]
[Termination "HarryCun won by resignation"]

1. d4 c6 2. c4 g6 3. Nf3 Bg7 4.
g3 d6 5. Bg2 Nd7 6. O-O Ngf6 7.
Nc3 O-O 8. e4 e5 9. Be3 Re8 10.
h3 b6 11. Qc2 Bb7 12. Rad1 Qc7 13. Rfe1 Re7 14. Rd2 a6 15. Red1 exd4 16. Nxd4 Rae8 17. Nde2 Nc5 18. Rxd6 Nfxe4 19. Nxe4 Nxe4 20. Bxe4 Rxe4 21. Rd7 Qb8 22. Nc3 R4e7 23. Rxe7 Rxe7 24. Bg5 Re8 25. Ne4 Qe5 26. Nd6 Rf8 27. Bf4 Qe7 28. Nxb7 Qxb7 29. b3 Re8 30. Qd3 Qe7 31. Qd7 Qe2 32. Rd2 Qe1+ 33.
Kg2 Qe4+ 34. Kg1 h6 35. Be3 b5 36. cxb5 cxb5 37. Rd6 Ra8 38. Rc6 Qb1+ 39. Kg2 Qxa2 40.
Qd5 Qb1 41. Rc7 Rf8 42. Bc5 Qc2 43. Bd6 Qf5 44. Qxf5 gxf5 45. Bxf8 Bxf8 46. Ra7 b4 47.
Rxa6 Kg7 48. Kf3 Bc5 49. Rc6 Bd4 50. Rc4 Bc3 51. Kf4 Kg6 52. Rc6+ f6 53. Ke3 h5 54. h4 Kf7 55. Kf4 Kg6 56. Kf3 Bd4 57. Ke2 Kf7 58. Rc4 Bc3 59. Kd3 Be1 60. Rf4 Ke6 61. Kc4 Bd2 62. Rf3 Ke5 63. Rd3 Bc3 64.
Rxc3 bxc3 65. Kxc3 Ke4 66. b4 Kf3 67. b5 Kxf2 68. b6 Kxg3 69. b7 f4 70. b8=Q Kg4 71.
Kd3 1-0

[Event "*** Titled Tuesday Blitz"]
[Site "Chess.com"]
[Date "2019.09.03"]
[Round "5"]
[White "MikeSailer"]
[Black "2nd_life"]
[Result "0-1"]
[WhiteElo "2117"]
[BlackElo "2376"]
[TimeControl "180+2"]
[EndTime "16:07:32 PDT"]
[Termination "2nd_life won on time"]

1. b4 c6 2. e3 d5 3. Nf3 Nf6 4. c4 Bg4 5. cxd5 cxd5 6. d4 e6 7. Qa4+ Nbd7 8. Ne5 Bf5 9. Nd2 a6 10. Ndf3 b5 11. Qb3 Nb6 12. Bd2 Bd6 13. Be2 O-O 14. O-O Nc4 15. Nxc4 bxc4 16. Qa4 Ne4 17. Rfc1 Bg4 18.
Be1 f5 19. h3 Bh5 20. Qc2 f4 21. Ne5 fxe3 22. fxe3 Bxe2 23. Qxe2 Bxe5 24. dxe5 Qg5 25. Qg4 Qxe5 26. a4 h5 27. Qe2 Rf7 28. Rab1 Rb8 29. b5 axb5 30. Rxb5 Rxb5 31. axb5 Rb7 32. Rb1 Kh7 33.
Qa2 Nd6 34. Qa8 Qxe3+ 35. Bf2 Qd3 36. Re1 Rxb5 37. Rxe6 Ne4 38. Bh4 Rb1+ 39. Kh2 Qd1 40. Rxe4 Qg1+ 41. Kg3 Rb3+ 42. Kf4 Qf1+ 43. Ke5 dxe4 44.
Qxe4+ Kg8 45. Qd5+ Qf7 46. Qd8+ Kh7 47. Qd4 Rb5+ 48.
Ke4 Qf5+ 49. Ke3 Re5+ 50. Kd2 Rd5 0-1

[Event "*** Titled Tuesday Blitz"]
[Site "Chess.com"]
[Date "2019.09.03"]
[Round "5"]
[White "WPWPWP-2015"]
[Black "GianmarcoVaR"]
[Result "1-0"]
[WhiteElo "2435"]
[BlackElo "2569"]
[TimeControl "180+2"]
[EndTime "16:07:39 PDT"]
[Termination "WPWPWP-2015 won by checkmate"]

1. e4 c5 2. Nf3 d6 3. d4 cxd4 4. Nxd4 Nf6 5. Nc3 a6 6. h3 e5 7. Nde2 h5 8. Nd5 Nxd5 9. Qxd5 Qc7 10. Nc3 Be7 11. Be3 Nd7 12. Bc4 O-O 13. Be2 Nf6 14. Qd1 g6 15. g4 h4 16. g5 Nh7 17. Nd5 Qa5+ 18. c3 Qd8 19. Bb6 Qe8 20. Nc7 Qc6 21. Nxa8 Be6 22. Be3 Rxa8 23. Bd3 Nxg5 24. Bxg5 Bxg5 25. Qf3 Bf4 26. Qe2 Kg7 27. Qf3 Rh8 28. Kd1 b5 29. a3 a5 30. Ke2 Rb8 31. Kf1 Kf6 32. Kg2 Qd7 33. Rad1 Rh8 34. Qe2 Rh5 35. Qf3 Rg5+ 36. Kf1 Qb7 37. Be2 Ke7 38.
Qd3 Qc6 39. Rg1 Rxg1+ 40. Kxg1 Bc4 41. Qf3 Qd7 42. Bxc4 bxc4 43. Kg2 Qb7 44. Qe2 f5 45. Qxc4 fxe4 46. Qd5 Qd7 47. Qxe4 Kf6 48. Qd5 Kg5 49. Qxd6 Qb7+ 50. Qd5 Qxb2 51. Qd8+ Kh6 52. Qh8+ Kg5 53. Qd8+ Kf5 54. Qd7+ Kg5 55. Rd6 Qe2 56. Qe7+ Kh5 57. Qh7+ Bh6 58. Qxg6# 1-0

[Event "*** Titled Tuesday Blitz"]
[Site "Chess.com"]
[Date "2019.09.03"]
[Round "5"]
[White "David_Paravyan"]
[Black "bascheyaro"]
[Result "1-0"]
[WhiteElo "2912"]
[BlackElo "2684"]
[TimeControl "180+2"]
[EndTime "16:07:45 PDT"]
[Termination "David_Paravyan won by resignation"]

1. e4 e6 2. d4 d5 3. exd5 exd5 4.
Bb5+ c6 5. Bd3 c5 6. Nf3 c4 7. Be2 Bd6 8. O-O Ne7 9. b3 cxb3 10.
axb3 O-O 11. c4 Nbc6 12. Nc3 a6 13. Bg5 f6 14. Bh4 Be6 15. Re1 Qd7 16. Na4 Rad8 17.
Bg3 Bf7 18. Bxd6 Qxd6 19. Nc5 Rb8 20. Qd3 Rfd8 21. Rad1 Ng6 22. Bf1 a5 23. g3 dxc4 24. bxc4 b6 25. Ne4 Qc7 26. Qc3 Nb4 27. d5 Rbc8 28.
Qb2 Rb8 29. Nd4 Ne5 30. Qb3 Qd7 31. Bg2 Rdc8 32. Nc6 Nexc6 33. dxc6 Qxc6 34. Nd6 Bxc4 35. Qc3 Qc5 36. Nxc8 Rxc8 37. Bh3 f5 38. Rd7 Bf7 39. Qxc5 bxc5 40. Ree7 Rf8 41. Bxf5 a4 42. Be6 h5 43.
Bxf7+ Kh7 44. Bc4 a3 45. Rxg7+ Kh6 46. Rge7 a2 47. Bxa2 Nxa2 48. Re6+ Kg5 49. Rd5+ Rf5 50. h4+ Kg4 51. Rg6+ Kh3 52. Rxf5 c4 53. Rc5 c3 54. Rgc6 Nc1 55. Kf1 Nd3 56. Rxc3 1-0

[Event "*** Titled Tuesday Blitz"]
[Site "Chess.com"]
[Date "2019.09.03"]
[Round "5"]
[White "Colombiano07"]
[Black "bluejay1897"]
[Result "1/2-1/2"]
[WhiteElo "2188"]
[BlackElo "2288"]
[TimeControl "180+2"]
[EndTime "16:07:46 PDT"]
[Termination "Game drawn by stalemate"]

1. d4 Nf6 2. Bf4 e6 3. e3 b6 4. Nf3 Bb7 5. Nbd2 Be7 6. h3 O-O 7. Bd3 c5 8. c3 d5 9. Ne5 Nbd7 10.
Qf3 Rc8 11. g4 Nxe5 12. Bxe5 Nd7 13. Rd1 Nxe5 14. dxe5 Qc7 15. O-O Qxe5 16. e4 Bg5 17.
Qe2 Bxd2 18. Rxd2 dxe4 19. Ba6 Bxa6 20. Qxa6 e3 21. Re2 exf2+ 22. Rfxf2 Qc7 23. Rd2 Rcd8 24. Kg2 h6 25. a4 e5 26. a5 bxa5 27. Qc4 Qc6+ 28.
Kg3 Rde8 29. Rd5 e4 30. Qxc5 Qb7 31. Qxa5 e3 32. Re2 Qb8+ 33. Kg2 Re7 34. Qb5 Qf4 35.
Rf5 Qd6 36. Qd5 Qa6 37. Qb5 Qd6 38. Qd5 Qb6 39. Qb5 Rd8 40. Qxb6 axb6 41. Kf3 Rd2 42.
Rxd2 exd2 43. Rd5 Re5 44. Rxd2 Kf8 45. Kf4 Re6 46. Rd5 Ke7 47. Re5 Kd6 48. Rxe6+ Kxe6 49. Ke4 Kd6 50. Kd4 g6 51. c4 Ke6 52. b4 f5 53.
gxf5+ gxf5 54. c5 bxc5+ 55. bxc5 Kf6 56. c6 Ke6 57. Kc5 f4 58. c7 Kd7 59. Kd4 Kxc7 60.
Ke4 Kd6 61. Kxf4 Ke6 62. Kg4 Kf6 63. Kh5 Kg7 64. h4 Kh7 65. Kg4 Kg7 66. Kf5 Kf7 67. h5 Kg7 68. Ke6 Kf8 69. Kf6 Kg8 70. Kg6 Kh8 71. Kxh6 Kg8 72. Kg6 Kh8 73. h6 Kg8 74. h7+ Kh8 75. Kh6 1/2-1/2

[Event "*** Titled Tuesday Blitz"]
[Site "Chess.com"]
[Date "2019.09.03"]
[Round "5"]
[White "KL31"]
[Black "DeviatkinAndrey"]
[Result "0-1"]
[WhiteElo "2519"]
[BlackElo "2701"]
[TimeControl "180+2"]
[EndTime "16:07:51 PDT"]
[Termination "DeviatkinAndrey won by resignation"]

1. d4 d5 2. Nf3 Nf6 3. Bf4 e6 4. e3 Bd6 5. Bg3 c5 6. c3 Qc7 7. Ne5 Nbd7 8. Bb5 a6 9. Qa4 Rb8 10. Nxd7 Bxd7 11. Bxd7+ Qxd7 12. Qxd7+ Kxd7 13. dxc5 Bxg3 14.
hxg3 Ne4 15. b4 h6 16. Rh3 b6 17. cxb6 Rhc8 18. a4 Rxb6 19. Ra3 Rbc6 20. b5 Rb6 21. f3 Nd6 22. Rh4 Nf5 23. Rb4 Nxe3 24. a5 Nc2+ 25. Ke2 Nxa3 26. axb6 Nxb5 27. Ra4 Rb8 28. Rxa6 Kc6 29.
Kd3 Kb7 30. Ra2 Kxb6 31. Rb2 Kc6 32. Nd2 Ra8 33. Nb3 Ra3 34. Nd4+ Nxd4 35. Kxd4 f6 36.
f4 Ra4+ 37. Kd3 g5 38. Rf2 f5 39. Re2 Kd6 40. Ke3 Re4+ 41. Kd3 gxf4 42. gxf4 Rxf4 43.
Ra2 Rg4 44. Ke3 Rg3+ 45. Kf4 Rg4+ 46. Kf3 Rc4 47. Ra3 h5 48. g3 Ke5 49. Ke3 Kf6 50. Kf3 Kg5 51. Kg2 Kg4 52. Kf2 h4 53. gxh4 Kxh4 54. Kf3 Kg5 55. Ke3 e5 56. Kd3 e4+ 57. Kd2 d4 58. cxd4 Rxd4+ 59. Ke2 Rd3 60. Ra8 Kf4 61. Rg8 Ra3 62. Rd8 Ra2+ 63. Kf1 e3 64. Re8 Kf3 65. Kg1 Ra1+ 66. Kh2 e2 0-1

[Event "*** Titled Tuesday Blitz"]
[Site "Chess.com"]
[Date "2019.09.03"]
[Round "5"]
[White "babero_gordo"]
[Black "Al_Shima"]
[Result "1-0"]
[WhiteElo "2184"]
[BlackElo "2450"]
[TimeControl "180+2"]
[EndTime "16:07:56 PDT"]
[Termination "babero_gordo won by checkmate"]

1. e4 d5 2. exd5 Nf6 3. d4 Nxd5 4. c4 Nb6 5. Nc3 e5 6. dxe5 Qxd1+ 7. Kxd1 Nc6 8. f4 Be6 9. b3 O-O-O+ 10. Ke1 Bc5 11. Nf3 f6 12. Ne4 Bb4+ 13. Bd2 Ba3 14. exf6 gxf6 15. Be2 Bf5 16. Ng3 Bc2 17. Bc3 Nd7 18. Bd1 Bd3 19.
Be2 Bc2 20. Bd1 Rhe8+ 21. Kf1 Bd3+ 22. Be2 Bc2 23. Re1 Bd6 24. Nh5 Rf8 25. g3 Bf5 26. Kg2 Rf7 27. Nd4 Nxd4 28. Bxd4 Bb4 29. Ref1 Re8 30.
Bf3 Bg6 31. f5 Bxf5 32. Bxb7+ Kxb7 33. Rxf5 Re2+ 34. Kf3 Rxa2 35. Rb5+ Kc8 36. Rxb4 c5 37. Bxc5 Nxc5 38. Rd1 Rxh2 39. Nf4 Rb2 40. Rb5 Rxb3+ 41. Rxb3 Nxb3 42. Ne6 Re7 43. Rd3 Rxe6 44. Rxb3 Rb6 45. Re3 Rc6 46. Re4 Kb7 47. Rh4 Rc7 48. Ke3 Kb6 49. Kd4 Ka5 50. Rh5+ Ka4 51. Rb5 a6 52. Rb6 a5 53. Rxf6 Kb4 54. Rb6+ Ka4 55. c5 Rg7 56. c6 Rc7 57. Kd5 Ka3 58. Kd6 Rg7 59. c7 Rxc7 60.
Kxc7 a4 61. Kc6 Ka2 62. Kc5 a3 63. Kc4 Ka1 64. Kc3 a2 65. Kc2 h5 66. Rf6 h4 67.
Rf1# 1-0

[Event "*** Titled Tuesday Blitz"]
[Site "Chess.com"]
[Date "2019.09.03"]
[Round "5"]
[White "Gattass"]
[Black "GMJimKnopf"]
[Result "0-1"]
[WhiteElo "2336"]
[BlackElo "2733"]
[TimeControl "180+2"]
[EndTime "16:07:57 PDT"]
[Termination "GMJimKnopf won by resignation"]

1. d4 g6 2. Nc3 c6 3. e4 d5 4. exd5 cxd5 5. Bf4 a6 6. Be5 Nf6 7. Bxf6 exf6 8. a3 Bg7 9. g3 O-O 10. Bg2 Re8+ 11. Nge2 Bg4 12. h3 Bxe2 13. Nxe2 Nc6 14. O-O f5 15. c3 Bh6 16. f4 Qb6 17. Qd2 Qb5 18. Rf2 Na5 19. a4 Qc4 20. Nc1 Re6 21. Qd3 Re1+ 22. Rf1 Rae8 23. b4 Rxf1+ 24. Kxf1 Re3 25.
Qxc4 Nxc4 26. Ne2 Rd3 27. Kf2 Ne3 28. Bf3 Bf8 29. Rc1 h5 30. h4 b6 31. Rb1 Bd6 32. Nc1 Rxc3 33. Ne2 Ra3 34. b5 a5 35. Rc1 Ng4+ 36.
Bxg4 hxg4 37. Rc6 Bf8 38. Rxb6 Rxa4 39. Rb8 Rb4 40. b6 Kg7 41. Nc3 Bd6 42. Rb7 Rxd4 43.
Nb5 Rd2+ 44. Ke3 Bb4 45. Rd7 Rb2 46. Nd6 Bc5+ 47. Kd3 Rxb6 48. Nxf7 a4 49. Ne5+ Kg8 50. Rxd5 Bf2 51. Ra5 Rb3+ 52. Kc4 Bxg3 53. Nxg6 Rb6 54.
Ne7+ Kf7 55. Nxf5 Bxf4 56. h5 g3 57. Rxa4 g2 58. Ra1 Rc6+ 59. Kd5 Rc1 60. Ra7+ Kf6 61. Rg7 g1=Q 0-1

[Event "*** Titled Tuesday Blitz"]
[Site "Chess.com"]
[Date "2019.09.03"]
[Round "5"]
[White "Orest_Vovk"]
[Black "champ2005"]
[Result "0-1"]
[WhiteElo "2238"]
[BlackElo "2849"]
[TimeControl "180+2"]
[EndTime "16:08:04 PDT"]
[Termination "champ2005 won by resignation"]

1. d4 Nf6 2. Bf4 g6 3. e3 Bg7 4.
Nf3 O-O 5. Be2 d6 6. O-O Nfd7 7. c3 e5 8. dxe5 dxe5 9. Bg3 Nc6 10. Na3 Qe7 11.
Bh4 f6 12. e4 Kh8 13. h3 Nc5 14. Qc2 Ne6 15. Bg3 f5 16. exf5 gxf5 17. Bh4 Bf6 18.
Bxf6+ Qxf6 19. Ne1 Rg8 20. Bc4 e4 21. f3 e3 22. f4 Re8 23. Nb5 a6 24. Bxe6 axb5 25. Bxc8 Raxc8 26. Nd3 Re7 27. Rae1 Rce8 28. Re2 b6 29.
Rf3 Re4 30. Qc1 Qe6 31. Qe1 Qe7 32. Qg3 b4 33. Nxb4 Nxb4 34. cxb4 Qxb4 35. Rfxe3 Qd4 36. Kf2 Rxf4+ 37. Ke1 Rfe4 38. Rxe4 fxe4 39. Qc3 c5 40. Rd2 Qxc3 41. bxc3 Re6 42. Ke2 Rg6 43. g4 Rh6 44.
Ke3 Rxh3+ 45. Kxe4 Rxc3 46. Rb2 Ra3 47. Rxb6 Rxa2 48.
Kf5 Rf2+ 49. Kg5 Kg7 50. Rb7+ Rf7 51. Rb3 Rc7 52. Rc3 c4 53. Kf5 h6 54. Kf4 Kg6 55.
Kg3 Kg5 56. Kh3 Kf6 57. Kh4 Ke5 58. Kh5 Rc6 59. Rc1 c3 60. g5 hxg5 61. Kxg5 c2 62.
Kg4 Ke4 0-1

[Event "*** Titled Tuesday Blitz"]
[Site "Chess.com"]
[Date "2019.09.03"]
[Round "5"]
[White "slowdgehammer"]
[Black "DishonorOnYourCow"]
[Result "0-1"]
[WhiteElo "2399"]
[BlackElo "2223"]
[TimeControl "180+2"]
[EndTime "16:08:13 PDT"]
[Termination "DishonorOnYourCow won by checkmate"]

1. b3 d5 2. Bb2 c5 3. e3 Nf6 4. Nf3 a6 5. Be2 Nc6 6. O-O g6 7. d4 cxd4 8. Nxd4 Bg7 9. Nxc6 bxc6 10. c4 O-O 11. Nd2 Bf5 12. cxd5 cxd5 13. a3 Rc8 14. Bxa6 Rc2 15. Bd4 Qa5 16. b4 Qxa6 17. Nb3 Rcc8 18.
Nc5 Qb5 19. f3 Nd7 20. Bxg7 Kxg7 21. Nxd7 Qxd7 22. Qd4+ f6 23. Rfc1 e5 24. Qd2 d4 25.
exd4 exd4 26. Rc5 Rxc5 27. bxc5 d3 28. Rc1 Rc8 29. g4 Be6 30. Qc3 Qd5 31. Rd1 Rxc5 32. Qxd3 Qc6 33. Qe3 Rc3 34. Rd3 Rxd3 35. Qxd3 Qc5+ 36.
Kg2 Qd5 37. Qe3 Bxg4 38. Qe7+ Kh6 39. Qxf6 Bf5 40. Qh4+ Kg7 41. Qe7+ Qf7 42. Qe5+ Qf6 43. Qc7+ Kh6 44. Kf2 Qb2+ 45. Kg3 Qxa3 46. Qf4+ Kg7 47.
Qe5+ Kf7 48. Qd5+ Be6 49. Qb7+ Qe7 50. Qe4 Qg5+ 51. Kf2 Qd2+ 52. Kg3 Qd6+ 53. Kg2 h5 54. Qb7+ Qe7 55. Qb2 Kg8 56. Qb8+ Kh7 57. Qf4 Qf7 58. Qg5 Bd5 59. Qg3 Qf5 60. h4 Qc2+ 61. Kg1 Qd1+ 62.
Kg2 Qe2+ 63. Kg1 Qxf3 64. Qc7+ Qf7 65. Qc1 Qe7 66. Qf4 Qe1+ 67. Kh2 Qh1+ 68. Kg3 Qg2# 0-1

[Event "*** Titled Tuesday Blitz"]
[Site "Chess.com"]
[Date "2019.09.03"]
[Round "5"]
[White "SirMittensofMittensville"]
[Black "chessdjw"]
[Result "1-0"]
[WhiteElo "2547"]
[BlackElo "2681"]
[TimeControl "180+2"]
[EndTime "16:08:21 PDT"]
[Termination "SirMittensofMittensville won by resignation"]

1. e4 c6 2. Nc3 d5 3. Nf3 dxe4 4. Nxe4 Nf6 5. Qe2 Nxe4 6. Qxe4 Qa5 7. Bc4 Bf5 8. Qe2 e6 9. O-O Nd7 10. d4 Bd6 11.
Nh4 O-O 12. Bd2 Qc7 13. Nxf5 exf5 14. Qf3 g6 15. h3 Nf6 16. Bd3 Rfe8 17. Rfe1 Kg7 18.
c4 h5 19. Bxf5 gxf5 20. Qxf5 Nh7 21. Qxh5 Qd7 22. Bc3 f6 23. d5 c5 24. Rad1 Qf7 25.
Qg4+ Kf8 26. Re6 Be5 27. Bxe5 fxe5 28. Rh6 Re7 29. Rd3 e4 30. Re3 Rd8 31. Rxe4 Rxe4 32.
Qxe4 Nf6 33. Qf5 Ng8 34. Qxf7+ Kxf7 35. Rh7+ Kg6 36. Rxb7 Re8 37. Kf1 Nf6 38. Rxa7 Ne4 39. g3 Nd2+ 40. Kg2 Nxc4 41. Rc7 Nxb2 42. Rxc5 Re2 43. Kf3 Rd2 44. Ke3 Rd1 45. h4 Kf5 46. h5 Ke5 47. g4 Rg1 48. f3 Rg2 49. d6+ Kxd6 50. Rf5 Nc4+ 51. Kd4 Nd2 52. h6 Rh2 53. g5 Ke6 54. Rf6+ Ke7 55. a4 Rh4+ 56. f4 Nf3+ 57. Ke3 Nh2 58. Ke4 Ng4 59. Rb6 Nf2+ 60. Kf5 Nd3 61. Rb7+ Kf8 62. h7 Rxf4+ 63. Kg6 Ne5+ 64.
Kh5 Nf7 65. Rxf7+ Kxf7 66. h8=Q Rf1 67. Qh7+ Kf8 68. Qe4 Kg7 69. Qd4+ Kf8 70. Qc5+ Kg7 71. Qc7+ Rf7 72. Qxf7+ Kxf7 73. a5 1-0

[Event "*** Titled Tuesday Blitz"]
[Site "Chess.com"]
[Date "2019.09.03"]
[Round "5"]
[White "DarkAlekhine"]
[Black "IMTominho"]
[Result "0-1"]
[WhiteElo "2489"]
[BlackElo "2693"]
[TimeControl "180+2"]
[EndTime "16:08:21 PDT"]
[Termination "IMTominho won by resignation"]

1. e4 e5 2. Nf3 Nf6 3. Nxe5 d6 4. Nf3 Nxe4 5. Bd3 Nf6 6. O-O Be7 7. Re1 O-O 8. c4 Bg4 9. Nc3 Nc6 10. h3 Bh5 11. Be2 d5 12. cxd5 Nxd5 13. d4 Bf6 14. Be3 Re8 15.
Bc4 Nxe3 16. fxe3 Bg5 17. Nxg5 Qxg5 18. Qd2 Rad8 19. Qf2 Na5 20. Bd3 Re7 21. Ne4 Qd5 22. Rac1 Bg6 23. Nc3 Qh5 24. Be2 Qg5 25. Bf3 Nc4 26.
Nd5 Rxd5 27. Rxc4 Rf5 28. e4 Rf4 29. Qd2 h6 30. e5 c6 31. Kh2 Bf5 32. d5 cxd5 33.
Rxf4 Be6 34. Qd4 Rc7 35. Bg4 Rc4 36. Bxe6 fxe6 37. Qxc4 dxc4 38. Rxc4 Qd2 39. Ree4 Qxb2 40. Rc7 Qb6 41. Rd7 Qc6 42. Red4 Qc5 43. Rd8+ Kh7 44. Re4 b5 45. Rd7 a5 46. Rd6 b4 47. Re2 a4 48.
Rdd2 Qc4 49. Rc2 Qf4+ 50. Kg1 Kg6 51. Rcd2 Qc4 52. Rc2 Qd4+ 53. Kh2 h5 54. Kh1 Kf5 55. Kh2 g5 56. Rcd2 Qc3 57. Rc2 Qd4 58. Rcd2 Qf4+ 59. Kg1 Kg6 60. Rb2 g4 61. hxg4 hxg4 62. Rbc2 g3 63. Rcd2 Kg5 64. Rc2 Qd4+ 65. Kf1 Qd1+ 66. Re1 0-1

[Event "*** Titled Tuesday Blitz"]
[Site "Chess.com"]
[Date "2019.09.03"]
[Round "5"]
[White "novocane"]
[Black "RU_B9"]
[Result "1-0"]
[WhiteElo "2181"]
[BlackElo "1707"]
[TimeControl "180+2"]
[EndTime "16:08:25 PDT"]
[Termination "novocane won on time"]

1. d4 Nf6 2. c4 e6 3. Nc3 Bb4 4. e3 O-O 5. Ne2 b6 6. a3 Be7 7.
d5 d6 8. Ng3 Nbd7 9. Be2 Bb7 10. O-O Rc8 11. e4 c6 12. dxe6 fxe6 13. Be3 e5 14.
Nf5 Nc5 15. f3 Ne6 16. Qd2 Rc7 17. Rfd1 Rd7 18. Qc2 Ne8 19. Nxe7+ Qxe7 20. b4 Nf4 21. Bf1 Qe6 22. Rd2 Rf6 23. Rad1 Rg6 24. Kh1 Ba6 25. Bxf4 exf4 26. b5 Bb7 27. bxc6 Bxc6 28. Nd5 Qe5 29. Nb4 Bb7 30. Qb2 Qxb2 31. Rxb2 Rc7 32. Nd5 Bxd5 33.
Rxd5 Kf8 34. a4 Ke7 35. a5 bxa5 36. Rxa5 Re6 37. Kg1 Re5 38. Rxe5+ dxe5 39. Rb5 Ke6 40. c5 Nf6 41. Bc4+ Ke7 42. Bd5 Nd7 43. c6 Nb6 44. g3 fxg3 45. hxg3 Kd6 46. Ra5 g5 47.
Kf2 h5 48. Ke3 h4 49. gxh4 gxh4 50. Kf2 Rg7 51. Ra1 Nxd5 52. Rd1 Kxc6 53. Rxd5 h3 54. Rxe5 Rh7 55. Kg1 h2+ 56. Kh1 Kb6 57. Rd5 a5 58. f4 a4 59. Rd3 Kb5 60. e5 Kc4 61. Rg3 Kd4 62. Ra3 1-0

[Event "*** Titled Tuesday Blitz"]
[Site "Chess.com"]
[Date "2019.09.03"]
[Round "5"]
[White "filali-marouan"]
[Black "TheFireChess"]
[Result "0-1"]
[WhiteElo "2346"]
[BlackElo "2505"]
[TimeControl "180+2"]
[EndTime "16:08:28 PDT"]
[Termination "TheFireChess won by resignation"]

1. e4 c6 2. d4 d5 3. exd5 cxd5 4. Nf3 Nf6 5. c4 Nc6 6. Nc3 Bg4 7. cxd5 Nxd5 8.
Qb3 Bxf3 9. gxf3 Nb6 10. Be3 e6 11. O-O-O Be7 12. h4 O-O 13. Kb1 Nd5 14. Nxd5 Qxd5 15. Bc4 Qxf3 16. Bd3 Qd5 17. Qc2 Nb4 18. Qc4 Qxc4 19.
Bxc4 Rac8 20. Bb3 Rfd8 21. h5 Nd5 22. Rdg1 Bf6 23. Rg4 Kf8 24. Rhg1 g6 25. hxg6 hxg6 26. a3 a6 27. Rh1 Ke7 28. Rg3 Rh8 29. Rgh3 Rxh3 30.
Rxh3 Rh8 31. Rxh8 Bxh8 32. Kc2 f5 33. Kd3 Bf6 34. f3 g5 35. Bf2 Kd7 36. Ba4+ b5 37.
Bd1 Be7 38. Bg3 Bd6 39. Bf2 Kc6 40. a4 b4 41. Bb3 a5 42. Bc4 Nc7 43. b3 Bf4 44. Ke2 g4 45. fxg4 fxg4 46. Bg1 Nd5 47. Kd3 Kd6 48. Ke4 Bg3 49. Be2 Nf6+ 50. Ke3 e5 51. Bc4 exd4+ 52. Kxd4 Be5+ 53. Kd3 g3 54. Ke2 Ne4 55. Bb6 Kc6 56. Bg1 Bd6 57. Bd3 Ng5 58. Kf1 Bc5 59. Bxc5 Kxc5 60. Kg2 Kd4 61. Bc4 Ne4 62.
Bg8 Kc3 63. Bd5 Nd2 64. Kxg3 Nxb3 65. Kf2 Nc5 66. Ke2 0-1

[Event "*** Titled Tuesday Blitz"]
[Site "Chess.com"]
[Date "2019.09.03"]
[Round "5"]
[White "Alohamora11"]
[Black "IMRosen"]
[Result "1-0"]
[WhiteElo "2467"]
[BlackElo "2584"]
[TimeControl "180+2"]
[EndTime "16:08:33 PDT"]
[Termination "Alohamora11 won by resignation"]

1. e4 e5 2. Nf3 Nf6 3. Nxe5 Nc6 4.
d4 Nxe4 5. Nxc6 dxc6 6. Bd3 Nf6 7. c3 Bg4 8. f3 Be6 9. Bg5 Qd5 10. Qd2 O-O-O 11. Qf4 Bd6 12. Qh4 c5 13. Bxf6 gxf6 14. Be4 Qc4 15. dxc5 Bxc5 16. Nd2 Rxd2 17. Kxd2 Rd8+ 18.
Ke1 f5 19. Bxb7+ Kxb7 20. Qxd8 Qf4 21. Qd2 Be3 22. Qe2 Bc4 23. g3 Bxe2 24. gxf4 Bxf3 25. Rf1 Bg2 26. Ke2 Bc5 27. Rg1 Bd5 28. Rg7 h6 29. Rh7 Bd6 30. Rf1 Bc4+ 31. Ke1 Bxf1 32. Kxf1 Bxf4 33. Rxf7 Bxh2 34. Rxf5 Bg3 35. Kg2 Be1 36. Rd5 Bh4 37. Kf3 Kc6 38. Ke4 Bg5 39. b4 a6 40. a4 Kb6 41. Rf5 Bd2 42. Kd3 Bg5 43. a5+ Kb7 44. c4 Bh4 45. b5 Be1 46. bxa6+ Kxa6 47. Rf6+ Kxa5 48. Rxh6 Bg3 49. Ke4 Kb4 50.
Kd5 Bf4 51. Rh4 Bg3 52. Rh8 Bf4 53. Rb8+ Kc3 54. Rc8 Kb4 55. Rb8+ Kc3 56. Kc5 Bg3 57. Rc8 Bf2+ 58. Kb5 Bg3 59. c5 Kd4 60. Rd8+ Ke5 61.
c6 Ke6 62. Rd7 Bd6 63. Ka6 Ke5 64. Kb7 Kd5 65. Rxc7 Kc5 66. Rd7 Be5 67. c7 Kb4 68. c8=Q Bc3 69. Qc6 Kb3 70. Rd3 Kb4 1-0

[Event "*** Titled Tuesday Blitz"]
[Site "Chess.com"]
[Date "2019.09.03"]
[Round "5"]
[White "PchelkinVK"]
[Black "jlucasvf"]
[Result "0-1"]
[WhiteElo "2490"]
[BlackElo "2678"]
[TimeControl "180+2"]
[EndTime "16:08:44 PDT"]
[Termination "jlucasvf won by resignation"]

1. d4 Nf6 2. Nc3 d5 3. Bf4 c5 4. e4 Nxe4 5. Nxe4 dxe4 6. d5 Nd7 7. Qd2 g6 8. O-O-O Bg7 9. Bh6 O-O 10. h4 Nf6 11. Bxg7 Kxg7 12. h5 Nxh5 13. Be2 Nf6 14. Qh6+ Kg8 15. g4 Qd6 16. g5 Nh5 17. Bxh5 gxh5 18. Qxh5 Bf5 19. Ne2 Bg6 20. Qh4 f6 21. Rdg1 f5 22. Nf4 Rf7 23. Qg3 Rd8 24. a3 c4 25. Rh6 c3 26. Rgh1 cxb2+ 27. Kb1 Rg7 28. R1h4 Kf7 29. Qc3 Rdg8 30. Qxb2 Qb6 31. Qxb6 axb6 32. Ne6 Ra8 33. Nxg7 Kxg7 34. Rh3 Ra5 35. Rb3 Rxd5 36. Rxb6 f4 37. Rh4 e3 38.
fxe3 fxe3 39. Re6 Kf7 40. Rxe3 Rxg5 41. Rb4 b5 42. Reb3 Rc5 43. Rb2 h5 44. Rxb5 Bxc2+ 45. Ka2 Rxb5 46. Rxb5 Kg6 47. Kb2 Bf5 48. a4 h4 49. Rb8 Kh6 50. Re8 e6 51. Rd8 h3 52.
Rd2 Be4 53. Rh2 Bg2 54. Kc3 Kg5 55. a5 Kf4 56. a6 Kg3 57. Rxg2+ hxg2 58. a7 g1=Q 59.
a8=Q Qe3+ 60. Kc4 Qf4+ 61. Kd3 Qf3+ 62. Qxf3+ Kxf3 63. Kd4 Kf4 64. Kd3 e5 65. Kd2 Kf3 66.
Kd3 e4+ 67. Kd2 Kf2 0-1

[Event "*** Titled Tuesday Blitz"]
[Site "Chess.com"]
[Date "2019.09.03"]
[Round "5"]
[White "laboratorio25"]
[Black "Snegokhod"]
[Result "0-1"]
[WhiteElo "2403"]
[BlackElo "2569"]
[TimeControl "180+2"]
[EndTime "16:08:44 PDT"]
[Termination "Snegokhod won by resignation"]

1. e4 c5 2. Nf3 e6 3. d4 cxd4 4. Nxd4 Nc6 5. Nc3 Qc7 6. Be3 a6 7. Qf3 Nge7 8. O-O-O Ng6 9. Qg3 Bd6 10. Qg4 Be5 11.
g3 d6 12. Qe2 Bd7 13. f4 Bf6 14. f5 Nge5 15. Bh3 Nxd4 16. Bxd4 O-O 17. Kb1 b5 18. Qf2 Rfc8 19. Rc1 b4 20. Ne2 exf5 21. Bxf5 Bxf5 22.
Qxf5 Nd7 23. Rhd1 Re8 24. Nf4 Be5 25. Nd5 Qb7 26. Be3 Rac8 27. Rf1 Nf6 28. Nxf6+ Bxf6 29. Bg5 Re5 30. Qxc8+ Qxc8 31. Bxf6 gxf6 32. Rxf6 Rxe4 33. Rxd6 Qc4 34. Rd3 Re2 35. h4 Rxc2 36. Rd8+ Kg7 37.
Rxc2 Qe4 38. b3 Qe1+ 39. Rc1 Qxg3 40. Rd4 a5 41. Rcd1 Qe5 42. Kb2 h5 43. Rd2 Kg6 44. Kc2 Qf5+ 45. Kd1 Qh3 46. Kc2 Qf5+ 47. Kc1 Qf3 48.
R4d3 Qf1+ 49. Kc2 f5 50. Rd6+ Kf7 51. Rc6 Qb5 52. Rc4 Ke6 53. Rf2 Qe5 54. Kd3 Qg3+ 55.
Ke2 a4 56. Rf3 Qg2+ 57. Rf2 Qg3 58. bxa4 Qa3 59. Rc2 Qxa4 60. Kf1 Qa3 61. Rce2+ Kf6 62. Kg2 Qa8+ 63. Rf3 Qd5 64. Rf2 Ke6 65. Kg3 Qe5+ 66. Kg2 Qe4 67. Kg3 Qg4+ 68. Kh2 Qxh4+ 69. Kg1 Qg4+ 70. Kf1 h4 71. Rf4 Qg3 72. R2f3 Qg5 73. Rxb4 Qc1+ 74. Ke2 Qc2+ 75. Kf1 Qd1+ 76. Kg2 Qd2+ 77.
Rf2 Qxb4 78. Re2+ Kf6 79. Kh3 Qg4+ 0-1